 Dungeon Crawl Stone Soup version 0.18.1-47-g9310371 (webtiles) character file.

567 Jerry the Chiller (level 7, -3/46 HPs)
             Began as a Human Ice Elementalist on June 16, 2016.
             Slain by a small abomination (16 damage)
             ... summoned by miscasting Summon Ice Beast
             ... on level 4 of the Dungeon.
             The game lasted 00:35:30 (4214 turns).

Jerry the Chiller (Human Ice Elementalist)          Turns: 4214, Time: 00:35:31

Health: -3/46      AC:  8    Str:  9    XL:     7   Next: 59%
Magic:  9/11       EV: 12    Int: 17    God:
Gold:   209        SH:  0    Dex: 13    Spells: 3 memorised, 4 levels left

rFire  . . .     SeeInvis .     y - +0 dagger (protect)
rCold  . . .     Gourm    .     a - +0 robe
rNeg   . . .     Faith    .     (no shield)
rPois  .         Spirit   .     (no helmet)
rElec  .         Dismiss  .     (no cloak)
rCorr  .         Reflect  .     s - +0 pair of gloves
SustAt .         Harm     .     (no boots)
MR     .....                    i - amulet of magic regeneration
Stlth  +++.......               (no ring)
                                f - ring of stealth

@: very slightly contaminated, not resistant to hostile enchantments, fairly
stealthy
A: no striking features
a: no special abilities


You were on level 4 of the Dungeon.
You were hungry.

You visited 1 branch of the dungeon, and saw 5 of its levels.

You collected 209 gold pieces.

Inventory:

Hand Weapons
 v - a +0 falchion of holy wrath
 y - a +0 dagger of protection (weapon)
Missiles
 g - 42 stones (quivered)
 A - 2 tomahawks of returning
Armour
 a - a +0 robe (worn)
 s - a +0 pair of gloves (worn)
 u - a +0 buckler
Jewellery
 f - a ring of stealth (left hand)
 i - an amulet of magic regeneration (around neck)
Wands
 B - a wand of slowing (22/48)
Scrolls
 e - a scroll of immolation {unknown}
 k - 2 scrolls of fear {unknown}
 l - 4 scrolls of identify {unknown}
 m - a scroll of recharging {unknown}
 n - a scroll of magic mapping {unknown}
 q - 2 scrolls of teleportation {unknown}
 t - 2 scrolls of enchant weapon {unknown}
 w - 2 scrolls of remove curse {unknown}
 D - a scroll of enchant armour {unknown}
Potions
 h - a potion of brilliance {unknown}
 j - a potion of curing {unknown}
 p - 2 potions of invisibility {unknown}
 r - a potion of might {unknown}
 z - a potion of magic {unknown}
Books
 b - a book of Frost

   Spells                             Type                      Level
   a - Freeze                         Ice                          1
   b - Throw Frost                    Conjuration/Ice              2
   c - Ozocubu's Armour               Charms/Ice                   3
   d - Throw Icicle                   Conjuration/Ice              4
   e - Summon Ice Beast               Ice/Summoning                4
Comestibles
 c - 7 bread rations
 d - a royal jelly
 o - a beef jerky
 x - a meat ration
 C - 4 chunks of flesh


   Skills:
 - Level 2.0 Dodging
 - Level 2.0 Stealth
 - Level 3.2 Spellcasting
   Level 1.0 Conjurations
 - Level 3.0 Charms
 + Level 4.1 Summonings
 - Level 5.3 Ice Magic


You had 4 spell levels left.
You knew the following spells:

 Your Spells              Type           Power        Failure   Level  Hunger
a - Freeze                Ice            ###.         1%          1    None
b - Ozocubu's Armour      Chrm/Ice       ###.....     12%         3    ###....
c - Summon Ice Beast      Ice/Summ       ###.....     24%         4    ####...


Dungeon Overview and Level Annotations

Branches:
Dungeon (5/15)
 Temple: D:4-7

Altars:
Ashenzari
Fedhas
Nemelex Xobeh
Pakellas
Yredelemnul

Shops:
D:4 *


Message History

You now have 209 gold pieces (gained 8).
You open the door.
There is an open door here.
The ogre is too close now for your liking.
Casting: Freeze
Confirm with . or Enter, or press ? or * to list all spells.
You miscast Summon Ice Beast.
You are very lightly contaminated with residual magic.
You feel a strange surge of energy!
Casting: Summon Ice Beast
Confirm with . or Enter, or press ? or * to list all spells.
You miscast Summon Ice Beast.
A chorus of moans calls out to you!
You are feeling hungry.
The small abomination hits you! The small abomination hits you!!
* * * LOW HITPOINT WARNING * * *
Items here: ( ))) [[[ รท The small abomination hits you!
You die...

...
#...................+....
...
#...................#...#
#...................#...#
#..........######..
#...#.#O#### ## #...#.#)#
#...#.#x#
#####.#x#################
#.#(@................
#.###################


You could see an ogre and 2 small abominations.

Vanquished Creatures
  2 howler monkeys (D:5)
  A crimson imp (D:4)
  4 orc wizards
  Jessica (D:2)
  An iguana (D:4)
  Ijyb (D:2)
  3 worker ants (D:4)
  4 gnolls (D:3)
  6 adders
  An ooze (D:2)
  3 worms (D:3)
  A dart slug (D:1)
  A giant gecko (D:1)
  12 orcs
  6 bats
  4 giant cockroaches
  10 hobgoblins
  4 jackals (D:2)
  2 quokkas
  3 ball pythons
  4 giant newts
  8 goblins
  2 kobolds
  7 rats
91 creatures vanquished.

Notes
Turn   | Place    | Note
--------------------------------------------------------------
     0 | D:1      | Jerry the Human Ice Elementalist began the quest for the Orb.
     0 | D:1      | Reached XP level 1. HP: 13/13 MP: 3/3
    18 | D:1      | Found a shattered altar of Ashenzari.
   311 | D:1      | Reached XP level 2. HP: 10/19 MP: 1/5
   874 | D:1      | Reached skill level 4 in Ice Magic
   874 | D:1      | Reached XP level 3. HP: 24/24 MP: 2/6
  1059 | D:2      | Noticed Jessica
  1125 | D:2      | Learned a level 3 spell: Ozocubu's Armour
  1130 | D:2      | Noticed Ijyb
  1152 | D:2      | Killed Ijyb
  1152 | D:2      | Reached skill level 1 in Charms
  1152 | D:2      | Reached XP level 4. HP: 11/30 MP: 0/7
  1339 | D:2      | Found a sparkling altar of Nemelex Xobeh.
  1433 | D:2      | Found an oddly glowing altar of Pakellas.
  1442 | D:2      | Found a shattered altar of Ashenzari.
  1627 | D:2      | Found a blossoming altar of Fedhas.
  1980 | D:2      | Killed Jessica
  1980 | D:2      | Reached XP level 5. HP: 34/35 MP: 4/8
  2242 | D:3      | Reached skill level 5 in Ice Magic
  2550 | D:3      | Reached XP level 6. HP: 23/41 MP: 2/9
  2564 | D:3      | Learned a level 4 spell: Summon Ice Beast
  2899 | D:3      | Reached skill level 1 in Summonings
  3392 | D:4      | Noticed an ogre
  3491 | D:4      | Reached XP level 7. HP: 44/46 MP: 7/11
  3582 | D:4      | Found Poukeidgh's General Store.
  3634 | D:4      | Found a basalt altar of Yredelemnul.
  3720 | D:5      | Entered Level 5 of the Dungeon
  4195 | D:4      | Noticed a small abomination
  4214 | D:4      | Slain by a small abomination

Skill      XL: |  1  2  3  4  5  6  7 |
---------------+----------------------+-----
Ice Magic      | 4 5 |  5.3
Charms         | 1 2 3 |  3.0
Summonings     | 2 4 |  4.1
Spellcasting   | 3 |  3.2
Dodging        | |  2.0
Stealth        | |  2.0
Conjurations   | |  1.0

Action                   |  1- 3 |  4- 6 |  7- 9 || total
-------------------------+-------+-------+-------++-------
Melee: Club              |     8 |       |       ||     8
       Dagger            |     5 |    23 |    25 ||    53
Throw: Stone             |       |    21 |    26 ||    47
       Tomahawk          |       |     5 |     2 ||     7
 Cast: Freeze            |    37 |   111 |    30 ||   178
       Ozocubu's Armour  |       |    10 |       ||    10
       Summon Ice Beast  |       |       |     2 ||     2
 Stab: Sleeping          |     3 |     4 |       ||     7
  Eat: Chunk             |     1 |     9 |     3 ||    13
       Beef jerky        |       |     1 |       ||     1
Armor: Robe              |     7 |    28 |    18 ||    53
Dodge: Dodged            |    30 |    56 |    33 ||   119
